 Dungeon Crawl Stone Soup version 0.22.1-1-ga44c0e5 (webtiles) character file.

137 Loudmushroom the Shield-Bearer (level 5, -3/33 HPs)
             Began as a Gargoyle Fighter on Oct 7, 2018.
             Killed by nerve-wracking pain
             ... invoked by Grinder
              (6 damage)
             ... on level 3 of the Dungeon.
             The game lasted 00:08:08 (2207 turns).

Loudmushroom the Shield-Bearer (Gargoyle Fighter)   Turns: 2207, Time: 00:08:09

Health: -3/33      AC: 11    Str: 21    XL:     5   Next: 20%
Magic:  5/5        EV:  7    Int:  8    God:
Gold:   69         SH:  9    Dex:  9    Spells: 4/4 levels left

rFire    . . .     SeeInvis .   a - +0 war axe
rCold    . . .     Gourm    .   c - +0 shield
rNeg     + . .     Faith    .   n - +0 scale mail
rPois    ∞         Spirit   .   (no helmet)
rElec    +         Reflect  .   (no cloak)
rCorr    .         Harm     .   (no gloves)
MR       .....                  (no boots)
Stlth    ..........             (no amulet)
HPRegen  0.11/turn              (no ring)
MPRegen  0.09/turn              (no ring)

@: no status effects
A: negative energy resistance 1, electricity resistance, unbreathing,
petrification resistance, rot immunity, AC +4
a: no special abilities


You were on level 3 of the Dungeon.
You were not hungry.

You visited 1 branch of the dungeon, and saw 3 of its levels.

You collected 69 gold pieces.

Inventory:

Hand Weapons
 a - a +0 war axe (weapon)
 b - a +1 hunting sling of freezing
 j - a +0 mace
 p - a +0 mace
Missiles
 g - 81 stones (quivered)
 m - 6 poisoned needles
Armour
 c - a +0 shield (worn)
 n - a +0 scale mail (worn)
Jewellery
 q - an uncursed ring of wizardry {unknown}
Scrolls
 e - a scroll of identify {unknown}
 i - 2 scrolls of remove curse {unknown}
 r - a scroll of fear {unknown}
Potions
 d - a potion of might
 h - 2 potions of heal wounds {unknown}
 k - a potion of haste {unknown}
 l - a potion of resistance {unknown}
 o - 2 potions of brilliance {unknown}
Comestibles
 f - 3 rations
 s - 3 chunks of flesh


   Skills:
 + Level 4.0 Fighting
 * Level 3.2 Axes
 + Level 4.0 Armour
 + Level 4.0 Shields


You had 4 spell levels left.
You didn't know any spells.
Your spell library was empty.

Dungeon Overview and Level Annotations

Branches:
Dungeon (3/15)

Altars:
Qazlal

Annotations:
D:3 Grinder


Innate Abilities, Weirdness & Mutations

You are resistant to torment.
Your stone body is resilient. (AC +4)
You are immune to poison.
You resist negative energy. (rN+)
You are resistant to electric shocks. (rElec)
You can survive without breathing.
You are immune to petrification.
You are immune to rotting.


Message History

The orc hits you but does no damage. Grinder closely misses you.
You closely miss Grinder.
Grinder is almost dead.
You closely miss the orc. The orc hits you but does no damage.
Grinder barely misses you. The orc barely misses you.
You barely miss Grinder.
Grinder is almost dead.
You hit the orc.
Grinder says, "Mostly I couldn't keep them alive."
Grinder hits you but does no damage. You block the orc's attack.
Grinder says, "Wait up."
Grinder blinks!
You block the orc's attack.
Grinder blinks!
Items here: ( ) †† a club; 2 stones; an orc corpse; a hobgoblin corpse You slash the orc!
You kill the orc!
Grinder gestures at you. Pain shoots through your body!
You die...

#.# #########.#
#.....^...# #.#######.#
#.# #.# ####### #.# #.#
.......######.# #.#
.......).5...(##### #.#
.......@[..........##.##
.#...(..§.....(#........
#.###.#######.#.##.#.##
.. ... ..........> #
..## #.#........ ...
.###.#÷.). ## #.....)..
#.#.#.).. #.#.#.#..


You could see Grinder.

Vanquished Creatures
  Terence (D:2)
  3 adders
  4 gnolls (D:3)
  A dart slug (D:1)
  3 orcs (D:3)
  4 bats
  A giant cockroach (D:1)
  8 goblins
  5 hobgoblins
  5 kobolds
  4 frilled lizards
  7 rats
46 creatures vanquished.

Notes
Turn   | Place    | Note
-------+----------+-------------------------------------------
     0 | D:1      | Loudmushroom the Gargoyle Fighter began the quest for the
                  | Orb.
     0 | D:1      | Reached XP level 1. HP: 14/14 MP: 1/1
   147 | D:1      | Reached XP level 2. HP: 16/19 MP: 2/2
  1022 | D:2      | Reached XP level 3. HP: 23/23 MP: 3/3
  1329 | D:2      | Found a stormy altar of Qazlal.
  1329 | D:2      | Noticed Terence
  1346 | D:2      | HP: 1/24 [Terence/mace (7)]
  1348 | D:2      | Killed Terence
  1348 | D:2      | Reached XP level 4. HP: 1/29 MP: 4/4
  2071 | D:3      | Reached XP level 5. HP: 26/33 MP: 5/5
  2171 | D:3      | Noticed Grinder
  2178 | D:3      | Paralysed by Grinder for 4 turns
  2186 | D:3      | Paralysed by Grinder for 2 turns
  2193 | D:3      | Paralysed by Grinder for 3 turns
  2197 | D:3      | Paralysed by Grinder for 4 turns
  2207 | D:3      | Killed from afar by Grinder

Skill      XL: |  1  2  3  4 |
---------------+-------------+-----
Axes           | 2 3 |  3.2
Shields        | 4 |  4.0
Fighting       | 4 |  4.0
Armour         | 4 |  4.0

Action                   |  1- 3 |  4- 6 || total
-------------------------+-------+-------++-------
Melee: War axe           |   110 |    25 ||   135
 Fire: Hunting sling     |       |     7 ||     7
  Eat: Chunk             |     2 |       ||     2
       Ration            |       |     1 ||     1
Armor: Scale mail        |    55 |    29 ||    84
Dodge: Dodged            |    30 |    10 ||    40
Block: Shield            |    61 |    21 ||    82
